2605 views
Uploaded 2021-10-19 14:38:34
Game version 1.32.10
14:02 long 1on1 ladder game on (2)NorthernIsles
Saved by RaZZoRMaN
2605 views
Uploaded 2021-10-19 14:38:34
Game version 1.32.10
14:02 long 1on1 ladder game on (2)NorthernIsles

31 units @ 4.3k
/ 0.6k
9 buildings @ 1.5k
/ 0.4k


| Healing Salve | 6 | 600 |
| Scroll of Speed | 4 | 200 |
| Lesser Clarity Potion | 6 | 420 |
| Potion of Mana | 1 | 200 |
| Boots of Speed | 1 | 250 |
| total: | 18 | 1670g |
| Peon | 9 | 675 | / | 0 |
| Troll Headhunter | 9 | 1260 | / | 180 |
| Kodo Beast | 3 | 765 | / | 180 |
| Raider | 4 | 720 | / | 160 |
| Troll Berserker | 6 | 840 | / | 120 |
| total: | 31 | 4260g | / | 640w |
| Altar of Storms | 1 | 180 | / | 50 |
| Orc Burrow | 4 | 640 | / | 160 |
| War Mill | 1 | 205 | / | 0 |
| Barracks | 1 | 180 | / | 50 |
| Voodoo Lounge | 1 | 130 | / | 30 |
| Beastiary | 1 | 145 | / | 140 |
| Stronghold | 1 | 315 | / | 190 |
| Fortress | 1 | 325 | / | 190 |
| total: | 9 | 1480g | / | 430w |
| 0:00 | Peon |
| 0:01 | Altar of Storms |
| 0:05 | Peon |
| 0:11 | Orc Burrow |
| 0:15 | Peon |
| 0:31 | Peon |
| 0:47 | War Mill |
| 0:51 | Peon |
| 0:59 | Peon |
| 1:10 | Barracks |
| 1:19 | Peon |
| 1:36 | Orc Burrow |
| 1:42 | Peon |
| 1:57 | Voodoo Lounge |
| 1:59 | Feral Spirit |
| 2:10 | Troll Headhunter |
| 2:17 | Peon |
| 2:33 | Troll Headhunter |
| 3:02 | Stronghold |
| 3:12 | Troll Headhunter |
| 3:24 | Chain Lighting |
| 3:26 | Troll Headhunter |
| 3:35 | Healing Salve |
| 3:51 | Healing Salve |
| 3:52 | Scroll of Speed |
| 3:58 | Lesser Clarity Potion |
| 4:14 | Troll Headhunter |
| 4:28 | Orc Burrow |
| 4:43 | Troll Headhunter |
| 4:51 | Feral Spirit |
| 4:54 | Steel Ranged Weapons |
| 5:17 | Boots of Speed |
| 6:10 | Troll Headhunter |
| 6:33 | Fortress |
| 6:51 | Healing Salve |
| 6:52 | Lesser Clarity Potion |
| 6:52 | Scroll of Speed |
| 6:53 | Hex |
| 7:04 | Beastiary |
| 7:08 | Troll Regeneration |
| 7:34 | Troll Headhunter |
| 8:02 | Troll Headhunter |
| 8:08 | Healing Salve |
| 8:08 | Healing Salve |
| 8:09 | Lesser Clarity Potion |
| 8:26 | Kodo Beast |
| 8:26 | Kodo Beast |
| 8:49 | Chain Lighting |
| 8:57 | Berserker Upgrade |
| 9:15 | Raider |
| 9:44 | Troll Berserker |
| 9:46 | Ensnare |
| 9:56 | Lesser Clarity Potion |
| 9:56 | Scroll of Speed |
| 10:10 | Healing Wave |
| 10:12 | Troll Berserker |
| 10:21 | Raider |
| 10:27 | Thorium Ranged Weapons |
| 10:48 | Orc Burrow |
| 11:18 | Feral Spirit |
| 11:22 | Troll Berserker |
| 11:39 | Troll Berserker |
| 11:44 | Lesser Clarity Potion |
| 11:45 | Healing Salve |
| 11:57 | Scroll of Speed |
| 12:01 | Kodo Beast |
| 12:21 | Troll Berserker |
| 12:44 | Potion of Mana |
| 12:45 | Lesser Clarity Potion |
| 12:51 | Raider |
| 13:14 | Troll Berserker |
| 13:24 | Raider |
| 13:39 | Healing Wave |
| Select group | 1783 |
| Right click | 1037 |
| Select | 425 |
| Assign group | 181 |
| Misc. action | 151 |
| Build/train/purchase | 132 |
| Use ability | 61 |
| Chat | 10 |
| Item give/drop | 5 |
| Remove unit | 1 |
34 units @ 5.8k
/ 0.6k
10 buildings @ 1.6k
/ 0.6k


| Healing Salve | 4 | 400 |
| Scroll of Speed | 3 | 150 |
| Lesser Clarity Potion | 1 | 70 |
| Scroll of Healing | 3 | 750 |
| Potion of Lesser Invulnerability | 1 | 150 |
| total: | 12 | 1520g |
| Peon | 7 | 525 | / | 0 |
| Grunt | 11 | 2200 | / | 0 |
| Raider | 9 | 1620 | / | 360 |
| Spirit Walker | 6 | 1170 | / | 210 |
| Kodo Beast | 1 | 255 | / | 60 |
| total: | 34 | 5770g | / | 630w |
| Altar of Storms | 1 | 180 | / | 50 |
| Orc Burrow | 4 | 640 | / | 160 |
| Barracks | 1 | 180 | / | 50 |
| Voodoo Lounge | 1 | 130 | / | 30 |
| War Mill | 1 | 205 | / | 0 |
| Beastiary | 1 | 145 | / | 140 |
| Tauren Totem | 1 | 135 | / | 155 |
| Stronghold | 1 | 315 | / | 190 |
| total: | 10 | 1615g | / | 585w |
| 0:02 | Peon |
| 0:02 | Peon |
| 0:04 | Altar of Storms |
| 0:18 | Orc Burrow |
| 0:24 | Peon |
| 0:33 | Barracks |
| 0:41 | Peon |
| 1:01 | Peon |
| 1:11 | Peon |
| 1:26 | Voodoo Lounge |
| 1:34 | Grunt |
| 1:34 | Grunt |
| 1:34 | Grunt |
| 1:34 | Grunt |
| 1:34 | Grunt |
| 1:34 | Grunt |
| 1:34 | Grunt |
| 1:40 | Peon |
| 2:05 | Critical Strike |
| 2:27 | Stronghold |
| 2:39 | Orc Burrow |
| 2:44 | Healing Salve |
| 2:44 | Healing Salve |
| 2:44 | Scroll of Speed |
| 2:49 | Orc Burrow |
| 3:16 | Wind Walk |
| 3:31 | Grunt |
| 3:31 | Grunt |
| 4:41 | Wind Walk |
| 4:54 | Beastiary |
| 4:57 | Tauren Totem |
| 5:49 | Healing Salve |
| 5:49 | Scroll of Speed |
| 5:51 | Healing Salve |
| 5:56 | Healing Wave |
| 6:03 | Raider |
| 6:04 | Ensnare |
| 6:20 | Spirit Walker |
| 6:20 | Spirit Walker Adept Training |
| 6:39 | Grunt |
| 6:42 | Hex |
| 6:55 | Orc Burrow |
| 7:15 | Raider |
| 7:16 | War Mill |
| 7:53 | Raider |
| 7:53 | Grunt |
| 8:00 | Spirit Walker |
| 9:25 | Raider |
| 9:41 | Critical Strike |
| 9:50 | Spirit Walker |
| 9:57 | Scroll of Healing |
| 9:57 | Scroll of Healing |
| 10:25 | Kodo Beast |
| 10:32 | Lesser Clarity Potion |
| 10:32 | Scroll of Speed |
| 10:59 | Raider |
| 11:31 | Raider |
| 11:33 | Spirit Walker |
| 11:48 | Healing Wave |
| 11:54 | Raider |
| 12:04 | Spirit Walker |
| 13:00 | Raider |
| 13:00 | Spirit Walker |
| 13:28 | Scroll of Healing |
| 13:28 | Potion of Lesser Invulnerability |
| 13:38 | Raider |
| Right click | 1190 |
| Select group | 577 |
| Select | 302 |
| Assign group | 208 |
| Build/train/purchase | 103 |
| Use ability | 60 |
| Misc. action | 17 |
| Chat | 6 |
| Item give/drop | 1 |
| Esc | 1 |